AoeStats
← hanyok master

African Clearing

510985653Analyzed
4v4 RM · 13h ago on Oct 3, 2026· 56m 27s· 8 players
Game mode
Random Map
Map size
Large (8 player)
Population
200
Speed
Normal
Resources
Standard
Victory
Conquest
Starting age
Dark Age
Ending age
Imperial Age
RankedLock teamsTeams togetherTeam positionsShared explorationLock speedFull tech treeHidden civsTurbo modeCheats
Victory
Defeat
🇩🇪 Huns · Germany
1200
+14
🇩🇪 Danes · Germany
1186
+15
🇬🇷 Burmese · Greece
1169
+16
🇮🇱 Malians · Israel
1129
+18
🇦🇷 Byzantines · Argentina
1201
-17
🇭🇰 Georgians · Hong Kong SAR China
1189
-17
🇭🇰 Cumans · Hong Kong SAR China
1137
-15
🇹🇼 Gurjaras · Taiwan
1129
-14
boo
15:00 Feudal Age
13:52 Loom
17:01 Bloodlines
20:37 Castle Age
24:10 Pikeman
31:34 Wheelbarrow
31:17 Scale Mail Armor
31:59 Scale Barding Armor
32:58 Husbandry
wayan
4:19 Loom
14:00 Feudal Age
16:27 Fletching
17:48 Wheelbarrow
22:22 Castle Age
22:04 Stone Mining
22:01 Double-Bit Axe
21:59 Horse Collar
23:49 Squires
24:05 Heavy Plow
26:41 Bodkin Arrow
26:55 Thumb Ring
31:26 Scale Mail Armor
31:34 Gold Mining
41:59 Gambesons
46:18 Arson
46:56 Chain Mail Armor
51:20 Forging
56:45 Imperial Age
54:54 Hand Cart
56:48 Iron Casting
hanyok master
5:48 Loom
13:17 Feudal Age
13:20 Man-at-Arms
14:21 Double-Bit Axe
14:38 Arson
15:13 Fletching
19:19 Horse Collar
19:46 Town Watch
22:57 Wheelbarrow
25:23 Castle Age
25:41 Gold Mining
28:02 Castle Age
26:19 Stone Mining
27:00 Padded Archer Armor
28:04 Crossbowman
28:41 Bodkin Arrow
29:48 Ballistics
31:51 Leather Archer Armor
42:56 Hand Cart
42:57 Heavy Plow
45:05 Scale Mail Armor
46:34 Tigui
47:44 Chain Mail Armor
49:18 Murder Holes
49:45 Tigui
50:11 Squires
54:24 Imperial Age
55:05 Capped Ram
Lichtenauer_OP
4:00 Loom
4:33 Loom
14:11 Feudal Age
14:58 Double-Bit Axe
19:15 Castle Age
20:26 Bow Saw
20:33 Fishing Lines
20:47 Horse Collar
24:56 Fishing Lines
25:41 Gillnets
26:36 Heavy Plow
29:26 Wheelbarrow
29:27 Bloodlines
30:02 Scale Barding Armor
30:48 Forging
32:02 Chain Barding Armor
32:18 Husbandry
32:59 Iron Casting
33:12 Gold Mining
39:35 Imperial Age
38:55 Gold Shaft Mining
39:40 Cavalier
41:21 Blast Furnace
41:46 Plate Barding Armor
41:34 Paladin
42:50 Conscription
Vaga
10:22 Loom
13:02 Feudal Age
17:38 Castle Age
15:36 Double-Bit Axe
20:52 Wheelbarrow
21:11 Wheelbarrow
26:16 Pikeman
26:56 Squires
28:06 Horse Collar
29:30 Scale Mail Armor
29:40 Forging
31:17 Squires
31:36 Heavy Plow
36:02 Chain Mail Armor
36:23 Iron Casting
39:28 Imperial Age
40:06 Husbandry
40:13 Scale Barding Armor
40:01 Cavalier
44:34 Hand Cart
44:31 Bow Saw
44:21 Gold Mining
44:22 Stone Mining
45:12 Light Cavalry
46:26 Fletching
46:57 Chain Barding Armor
46:38 Padded Archer Armor
46:31 Elite Skirmisher
46:57 Hussar
49:46 Heavy Camel Rider
PERCENT5175
3:38 Loom
13:12 Feudal Age
18:26 Castle Age
19:18 Stone Mining
21:59 Fletching
29:39 Scale Mail Armor
29:47 Town Watch
33:25 Scale Barding Armor
34:22 Bloodlines
34:12 Husbandry
46:23 Wheelbarrow
wilsonso35
2:52 Loom
13:46 Feudal Age
15:03 Wheelbarrow
14:35 Double-Bit Axe
14:44 Stone Mining
19:42 Fletching
25:33 Castle Age
23:51 Gold Mining
28:14 Svan Towers
31:15 Hand Cart
31:22 Horse Collar
32:11 Town Watch
32:46 Bow Saw
32:41 Heavy Plow
35:07 Bodkin Arrow
38:13 Stone Shaft Mining
38:14 Guard Tower
45:47 Imperial Age
45:57 Ballistics
45:52 Masonry
48:13 Conscription
48:05 Treadmill Crane
51:18 Crop Rotation
51:36 Bracer
53:14 Ballistics
54:28 Chemistry
53:13 Arrowslits
53:53 Arrowslits
55:35 Guilds
RomeD
5:44 Loom
5:58 Loom
14:12 Feudal Age
14:54 Double-Bit Axe
22:02 Castle Age
21:14 Bloodlines
21:11 Gold Mining
21:32 Scale Barding Armor
23:18 Gold Shaft Mining
24:40 Town Watch
26:14 Chain Barding Armor
40:53 Forging
Connection lost

Rejoining the realm…

Still unreachable

The connection could not be restored.

Session expired

The server has moved on; the page needs a fresh start.